 Dungeon Crawl Stone Soup version 0.18.1-5-g4a78601 (webtiles) character file.

182093 Helmschank the Peltast (level 17, -4/160 HPs)
             Began as a Minotaur Fighter on May 9, 2016.
             Was the Champion of the Shining One.
             Killed from afar by a frost giant (33 damage)
             ... with a bolt of cold
             ... on level 4 of the Shoals.
             The game lasted 03:32:08 (37022 turns).

Helmschank the Peltast (Minotaur Fighter)          Turns: 37022, Time: 03:32:08

Health: -4/160     AC: 14    Str: 22    XL:     17   Next: 70%
Magic:  25/28      EV: 13    Int:  6    God:    the Shining One [******]
Gold:   1324       SH: 37    Dex: 15    Spells: 0 memorised, 16 levels left

rFire  + + +     SeeInvis .     a - +2 whip (elec)
rCold  . . .     Gourm    .     V - +1 leather armour of Amelioration {rElec rF+ rN+ Str-4}
rNeg   + + +     Faith    .     g - +1 large shield
rPois  +         Spirit   .     T - +1 hat
rElec  +         Dismiss  .     k - +2 cloak {+Inv}
rCorr  .         Reflect  +     Y - +0 pair of gloves
SustAt .         Harm     .     n - +0 pair of boots
MR     +....                    L - amulet "Qobiphix" {Reflect rF++ Dex+4 Slay-4 SH+3}
Stlth  +.........               C - +4 ring of slaying
                                e - ring of poison resistance

@: divine shield, mesmerised, glowing, somewhat resistant to hostile
enchantments, very unstealthy
A: retaliatory headbutt, horns 2, high mp 1
a: Divine Shield, Cleansing Flame, Summon Divine Warrior, Brand Weapon With Holy
Wrath, Renounce Religion, Evoke Invisibility


You were on level 4 of the Shoals.
You worshipped the Shining One.
The Shining One was exalted by your worship.
You were not hungry.

You visited 5 branches of the dungeon, and saw 31 of its levels.
You also visited: Ice Cave.

You collected 2505 gold pieces.
You spent 1181 gold pieces at shops.

Inventory:

Hand Weapons
 a - a +2 whip of electrocution (weapon)
 b - a +1 flail of holy wrath
Missiles
 i - 10 javelins (quivered)
 q - 2 steel javelins
 E - 13 javelins of penetration
 H - 61 tomahawks
Armour
 g - a +1 large shield (worn)
 k - a +2 cloak of invisibility (worn)
 n - a +0 pair of boots (worn)
 I - a +3 plate armour
 T - a +1 hat (worn)
 V - the +1 leather armour of Amelioration (worn) {rElec rF+ rN+ Str-4}
   (You found it on level 7 of the Lair of Beasts)

   It affects your strength (-4).
   It protects you from fire.
   It insulates you from electricity.
   It protects you from negative energy.
 Y - a +0 pair of gloves (worn)
Rods
 B - a +9 rod of shadows (9/9)
   (You took it off a merfolk on level 3 of the Shoals)
Jewellery
 c - an uncursed amulet of regeneration
 e - a ring of poison resistance (left hand)
 m - a +5 ring of evasion
 A - an uncursed ring of protection from fire
 C - a +4 ring of slaying (right hand)
 G - an uncursed ring of resist corrosion
 L - the amulet "Qobiphix" (around neck) {Reflect rF++ Dex+4 Slay-4 SH+3}
   (You acquired it on level 8 of the Dungeon)

   [amulet of reflection]

   It shields you and reflects attacks.
   It affects your dexterity (+4).
   It affects your accuracy and damage with ranged weapons and melee attacks
   (-4).
   It greatly protects you from fire.
   It affects your SH (+3).
Wands
 j - a wand of lightning (8/15)
 r - a wand of iceblast (7/15)
 Q - a wand of acid (8/15)
 X - a wand of lightning (4/15)
Scrolls
 h - 2 scrolls of silence
 l - 7 scrolls of teleportation
 p - 5 scrolls of fog
 y - 14 scrolls of remove curse
 z - 4 scrolls of fear
 D - 5 scrolls of identify
 O - 4 scrolls of recharging
 W - a scroll of blinking
 Z - 2 scrolls of magic mapping
Potions
 d - 4 potions of might
 s - 2 potions of heal wounds
 t - 3 potions of agility
 u - 4 potions of haste
 w - 2 potions of flight
 x - 4 potions of magic
 F - 4 potions of invisibility
 J - a potion of resistance
 U - 3 potions of cancellation
Comestibles
 f - 20 bread rations
 o - 12 meat rations
 v - 6 chunks of flesh


   Skills:
 + Level 16.7 Fighting
 - Level 13.0 Maces & Flails
 - Level 8.0 Throwing
 - Level 16.0 Armour
 - Level 4.3 Dodging
 - Level 20.2 Shields
 - Level 13.0 Invocations


You had 16 spell levels left.
You didn't know any spells.

Dungeon Overview and Level Annotations

Branches:
Dungeon (15/15)            Temple (0/1) D:4            Lair (8/8) D:9
 Shoals (4/4) Lair:4       Spider (2/4) Lair:3        Slime (0/6) Lair:8
    Orc (2/2) D:10            Elf (0/3) Orc:2        Vaults (0/5) D:14
 Depths (0/5) D:15

Altars:
Ashenzari
Cheibriados
Dithmenos
Kikubaaqudgha
Nemelex Xobeh
Okawaru
Qazlal
Ru
Trog
Xom
Zin
The Shining One
Jiyva

Shops:
D:6 (   D:7 [?   D:9 (:((   D:14 !   Orc:2 *(=[%   Shoals:2 =

Portals:
Trove: D:15 (show abyssal rune of Zot)

Annotations:
Shoals:4 Ilsuiw


Innate Abilities, Weirdness & Mutations

You reflexively headbutt those who attack you in melee.
You have a pair of horns on your head.
You have an increased reservoir of magic (+10% MP).


Message History

You block the sea snake's attack.
Unknown command.
You whack the frost giant!
The frost giant is severely wounded.
The frost giant casts a spell at you. The bolt of cold hits you!
* * * LOW HITPOINT WARNING * * *
The merfolk avatar chants its luring song.
You take 56 damage, and have 5/160 hp.
MASSIVE DAMAGE!!
Drink which item? (? for menu, Esc to quit)
You feel much better. You block the sea snake's attack.
You block the frost giant's attack.
The merfolk avatar chants its luring song.
You block the sea snake's attack.
You regained 23 hp, and now have 28/160 hp.
Your shield is strengthened by the Shining One's divine power.
You feel slightly more hungry. You block the sea snake's attack.
The frost giant casts a spell at you. The bolt of cold hits you!
You die...

.(..((....≈≈≈.....≈≈.≈≈
.P.........≈≈≈...(.....
≈..P......≈≈≈..(......
≈≈..m......≈≈.........
≈≈###.............P...≈≈≈≈≈
#....(............≈≈≈≈≈
###.....)≈P(≈..P..≈≈≈≈≈
#..C.[.≈≈(≈PP≈.P≈≈≈≈≈
##..S@..[≈≈≈≈≈≈≈≈≈≈≈≈≈
#≈...[.≈≈P≈≈PP≈P≈≈≈≈≈≈
##....(§≈≈PP≈≈≈≈≈≈≈≈≈≈
#≈.(...≈§≈≈P≈≈≈≈≈mm≈≈≈
###...)<≈≈P≈≈≈##≈#≈##C≈
#.......P.(P≈≈#######≈≈
#...........(##m #C≈##
......(...........#


mmZ≈mm#≈ ≈.........≈≈......# ≈#C#CS#≈ You could see a frost giant, a merfolk
avatar and a sea snake.

Vanquished Creatures
  Rupert (Lair:6)
  Roxanne (D:15)
  A fire giant (D:15)
  2 frost giants
  Maud (Lair:7)
  Azrael (D:14)
  A spark wasp (Lair:3)
  2 merfolk javelineers
  7 merfolk impalers
  4 vault guards (D:14)
  4 entropy weavers
  Harold (Lair:1)
  12 hydras
  Erolcha (D:11)
  4 centaur warriors
  A merfolk aquamancer (Shoals:3)
  3 ogre magi
  A satyr (Shoals:4)
  A tengu warrior (D:13)
  A fire crab (Lair:8)
  Sonja (D:15)
  8 skeletal warriors
  2 unseen horrors
  11 sea snakes
  8 hill giants
  2 deep trolls (Orc:2)
  2 orc knights
  A wolf spider zombie (D:15)
  10 harpies
  19 wolf spiders
  An oklob plant (Lair:5)
  8 orb spiders
  9 cyclopes
  11 griffons
  2 hornets
  22 ugly things
  2 fauns (Shoals:2)
  5 manticores
  Joseph (D:8)
  5 sirens
  10 elephants
  Maurice (Orc:2)
  10 black mambas
  27 spiny frogs
  A gargoyle (D:14)
  3 torpor snails
  An efreet (D:11)
  3 water nymphs
  A rime drake (Lair:8)
  The ghost of Warped the Insei, a novice OpMo (D:4)
  9 komodo dragons
  3 demonic crawlers
  A freezing wraith (D:14)
  19 merfolk
  13 trolls
  15 jumping spiders
  A queen bee (Spider:1)
  A wind drake (Shoals:2)
  11 two-headed ogres
  2 giant leeches (Lair:8)
  5 polar bears
  28 blink frogs
  5 snapping turtles
  A centaur simulacrum (D:14)
  A wraith (D:13)
  A shadow (D:12)
  7 water elementals
  A spriggan (D:7)
  42 redbacks
  69 yaks
  15 tarantellas
  3 fire elementals (D:14)
  4 wyverns
  7 basilisks
  14 hippogriffs
  10 vampire mosquitoes
  2 hungry ghosts (D:15)
  A mottled dragon (D:11)
  21 water moccasins
  A hell hound (D:14)
  A soldier ant (D:10)
  10 porcupines
  5 sky beasts
  A wasp (D:14)
  3 ice beasts
  16 orc warriors
  3 black bears
  3 phantoms
  An eye of draining (Lair:8)
  2 necrophages
  16 wolves
  38 ogres
  9 centaurs
  17 crocodiles
  A big kobold (D:13)
  36 giant frogs
  A water moccasin zombie (D:7)
  3 scorpions
  16 killer bees
  A water moccasin skeleton (D:6)
  3 wyvern skeletons
  16 wights
  A howler monkey (D:8)
  6 electric eels
  7 crimson imps
  A giant frog zombie (D:9)
  7 centaur zombies
  2 orc priests
  7 hounds
  3 jellies
  5 centaur skeletons
  2 giant frog skeletons
  11 orc wizards
  13 iguanas
  9 worker ants
  A killer bee zombie (D:8)
  19 sheep
  A worker ant zombie (D:10)
  8 adders
  15 river rats
  3 shadow imps
  12 white imps (Lair:1)
  3 worms
  2 dart slugs
  3 giant geckos
  57 orcs
  4 bats
  6 giant cockroaches
  3 goblins
  5 hobgoblins
  5 jackals
  6 kobolds
  3 quokkas
  2 ball pythons
  5 giant newts
  10 rats
  A bush (Lair:8)
  4 fungi
  12 plants
1017 creatures vanquished.

Vanquished Creatures (collateral kills)
  Aizul (Shoals:3)
  A griffon (Shoals:3)
  2 wolf spiders (Spider:1)
4 creatures vanquished.

Vanquished Creatures (others)
  3 merfolk javelineers (Shoals:4)
  A merfolk aquamancer (Shoals:4)
  A faun (Shoals:2)
  A manticore (D:14)
  A demonic crawler (Spider:2)
  A jumping spider (Spider:2)
  A redback (Spider:1)
  2 centaurs
  An orc wizard (Orc:2)
  An orc (D:12)
  31 bushes (D:14)
  37 fungi
  47 plants
128 creatures vanquished.

Grand Total: 1149 creatures vanquished

Notes
Turn   | Place    | Note
--------------------------------------------------------------
     0 | D:1      | Helmschank the Minotaur Fighter began the quest for the Orb.
     0 | D:1      | Reached XP level 1. HP: 19/19 MP: 0/0
   527 | D:1      | Reached XP level 2. HP: 26/26 MP: 1/1
   732 | D:1      | Reached skill level 4 in Shields
  1017 | D:2      | Reached XP level 3. HP: 31/31 MP: 2/2
  1129 | D:2      | Found a shimmering altar of Xom.
  1148 | D:2      | Found a glowing golden altar of the Shining One.
  1155 | D:2      | Found a glowing silver altar of Zin.
  1155 | D:2      | Found an ancient bone altar of Kikubaaqudgha.
  1168 | D:2      | Found a shattered altar of Ashenzari.
  1184 | D:2      | Became a worshipper of the Shining One
  1624 | D:3      | Reached skill level 1 in Throwing
  1714 | D:3      | Found a sparkling altar of Nemelex Xobeh.
  1719 | D:3      | Reached XP level 4. HP: 32/39 MP: 3/3
  2095 | D:3      | Found a shadowy altar of Dithmenos.
  2366 | D:4      | Found a staircase to the Ecumenical Temple.
  2733 | D:4      | Noticed a phantom
  2747 | D:4      | Noticed Warped's ghost (novice OpMo)
  2792 | D:3      | Killed a phantom
  2792 | D:3      | Reached skill level 5 in Maces & Flails
  2792 | D:3      | Reached skill level 5 in Shields
  2792 | D:3      | Reached XP level 5. HP: 22/45 MP: 2/4
  3176 | D:4      | Killed Warped's ghost
  3176 | D:4      | Reached XP level 6. HP: 38/51 MP: 3/5
  3548 | D:4      | Found a bloodstained altar of Trog.
  3625 | D:5      | Entered Level 5 of the Dungeon
  3634 | D:5      | Reached XP level 7. HP: 57/57 MP: 6/6
  3641 | D:5      | Reached skill level 6 in Shields
  3696 | D:5      | Lost intelligence.
  3920 | D:5      | Reached * piety under the Shining One
  3938 | D:5      | Found a stormy altar of Qazlal.
  4038 | D:5      | Reached XP level 8. HP: 42/64 MP: 4/7
  4280 | D:6      | Found Gaamu's Antique Weapon Shop.
  4291 | D:6      | Reached skill level 7 in Shields
  4601 | D:6      | Reached skill level 5 in Armour
  4695 | D:6      | Reached skill level 10 in Maces & Flails
  4903 | D:6      | Found an iron altar of Okawaru.
  4933 | D:6      | Reached XP level 9. HP: 72/72 MP: 8/8
  5049 | D:7      | Found a sacrificial altar of Ru.
  5095 | D:7      | Reached skill level 5 in Fighting
  5296 | D:7      | Found Xulokek's Antique Armour Shop.
  5488 | D:7      | Identified a scroll of acquirement
  5694 | D:7      | Found Daetih's Magic Scroll Emporium.
  5785 | D:7      | Reached skill level 1 in Dodging
  5896 | D:8      | Noticed Joseph
  5909 | D:8      | Killed Joseph
  5961 | D:8      | Got a vibrating bronze amulet
  5963 | D:8      | Identified the amulet "Qobiphix" {Reflect rF++ Dex+4 Slay-4 SH+3} (You acquired it on level 8 of the Dungeon)
  6632 | D:9      | Found Romuysipt's Book Shoppe.
  6644 | D:9      | Found a staircase to the Lair.
  6712 | D:9      | Reached skill level 1 in Invocations
  6715 | D:9      | Reached XP level 10. HP: 80/82 MP: 8/10
  6953 | D:9      | Found Kemitic's Antique Weapon Shop.
  6968 | D:9      | Bought a runed morningstar for 140 gold pieces
  6990 | D:9      | Found Bauchowa's Antique Weapon Shoppe.
  7039 | D:9      | Found Hogeror's Antique Weapon Emporium.
  7058 | D:9      | Bought a runed morningstar for 132 gold pieces
  7338 | D:9      | Reached ** piety under the Shining One
  7345 | D:9      | Got a scorched dagger
  7886 | Lair:1   | Entered Level 1 of the Lair of Beasts
  7903 | Lair:1   | Noticed Harold
  7918 | Lair:1   | Killed Harold
  7990 | Lair:1   | Noticed an eight-headed hydra
  7997 | Lair:1   | Killed an eight-headed hydra
  7997 | Lair:1   | Reached skill level 8 in Shields
  7997 | Lair:1   | Reached skill level 5 in Invocations
  8211 | Lair:1   | Reached *** piety under the Shining One
  8215 | Lair:1   | Found a frozen archway.
  8226 | Lair:1   | Upgraded the game from 0.18.1-2-ga659475 to 0.18.1-5-g4a78601
  8241 | IceCv    | Entered an ice cave
  8283 | IceCv    | Reached skill level 9 in Shields
  8297 | IceCv    | Reached XP level 11. HP: 78/88 MP: 15/15
  9748 | Lair:2   | Reached skill level 10 in Shields
  9932 | Lair:2   | Found a snail-covered altar of Cheibriados.
 10314 | Lair:2   | Reached skill level 10 in Invocations
 10714 | Lair:2   | Reached XP level 12. HP: 100/104 MP: 18/18
 11217 | Lair:2   | Reached skill level 10 in Fighting
 11288 | Lair:2   | Reached skill level 5 in Throwing
 11400 | Lair:3   | Noticed a seven-headed hydra
 11410 | Lair:3   | Killed a seven-headed hydra
 11584 | Lair:3   | Found a hole to the Spider Nest.
 11598 | Lair:3   | Reached **** piety under the Shining One
 13000 | Lair:4   | Identified a +0 rod of clouds (10/10) (You found it on level 4 of the Lair of Beasts)
 13365 | Lair:4   | Noticed an eight-headed hydra
 13373 | Lair:4   | Killed an eight-headed hydra
 13487 | Lair:4   | Found a staircase to the Shoals.
 13494 | Lair:4   | Reached skill level 10 in Armour
 14139 | Lair:5   | Reached skill level 11 in Shields
 14157 | Lair:5   | Reached XP level 13. HP: 101/113 MP: 19/19
 14841 | Lair:5   | Reached skill level 12 in Shields
 15600 | Lair:5   | Reached skill level 13 in Shields
 15808 | Lair:6   | Noticed Rupert
 15826 | Lair:6   | Killed Rupert
 15905 | Lair:6   | Reached skill level 14 in Shields
 16601 | Lair:7   | Got a bloodstained leather armour
 17031 | Lair:7   | Reached skill level 15 in Shields
 17092 | Lair:7   | Noticed Maud
 17116 | Lair:7   | Killed Maud
 17131 | Lair:7   | Identified the +1 leather armour of Amelioration {rElec rF+ rN+ Str-4} (You found it on level 7 of the Lair of Beasts)
 17574 | Lair:8   | Entered Level 8 of the Lair of Beasts
 17680 | Lair:8   | Reached XP level 14. HP: 126/126 MP: 20/20
 18424 | Lair:8   | Found a staircase to the Slime Pits.
 18425 | Lair:8   | Found a viscous altar of Jiyva.
 18509 | Lair:8   | Reached ***** piety under the Shining One
 19185 | Lair:8   | Got a faintly glowing scale mail
 19186 | Lair:8   | Identified the +6 scale mail of Midwinter {rN+ Dex+5} (You found it on level 8 of the Lair of Beasts)
 19745 | D:10     | Entered Level 10 of the Dungeon
 19923 | D:10     | Reached skill level 15 in Fighting
 19997 | D:10     | Found a staircase to the Orcish Mines.
 20702 | D:11     | Noticed Erolcha
 20718 | D:11     | Killed Erolcha
 20839 | D:11     | Got a transparent chain mail
 20845 | D:11     | Identified the +0 chain mail of Inocy {+Inv rC+ Int+4} (You found it on level 11 of the Dungeon)
 21960 | D:12     | Reached XP level 15. HP: 120/141 MP: 23/23
 22389 | D:13     | Reached ****** piety under the Shining One
 22517 | D:13     | Gained mutation: You have an increased reservoir of magic (+10% MP). [potion of beneficial mutation]
 23323 | D:14     | Found a gate to the Vaults.
 23644 | D:14     | Noticed Azrael
 23663 | D:14     | Killed Azrael
 23941 | D:14     | Found Taf Goo's Distillery.
 23947 | D:14     | Bought a potion of heal wounds for 75 gold pieces
 23947 | D:14     | Bought a potion of curing for 45 gold pieces
 23947 | D:14     | Bought a potion of heal wounds for 75 gold pieces
 23947 | D:14     | Bought a potion of might for 60 gold pieces
 23947 | D:14     | Bought a potion of heal wounds for 75 gold pieces
 24223 | D:15     | Entered Level 15 of the Dungeon
 24223 | D:15     | Noticed Roxanne
 24260 | D:15     | Killed Roxanne
 24262 | D:15     | Identified Roxanne's Tome of Stones (You took it off Roxanne on level 15 of the Dungeon)
 24683 | D:15     | Reached skill level 15 in Armour
 24709 | D:15     | Found a staircase to the Depths.
 24710 | D:15     | Noticed a fire giant
 24852 | D:15     | Killed a fire giant
 25099 | D:15     | Found a portal to a secret trove of treasure.
 25240 | D:15     | Noticed Sonja
 25398 | D:15     | Killed Sonja
 25696 | Shoals:1 | Entered Level 1 of the Shoals
 25704 | Shoals:1 | Reached XP level 16. HP: 144/149 MP: 27/27
 25924 | Orc:1    | Entered Level 1 of the Orcish Mines
 26055 | Orc:2    | Entered Level 2 of the Orcish Mines
 26288 | Orc:2    | Noticed Maurice
 26316 | Orc:2    | Killed Maurice
 26439 | Orc:2    | Found Ynelesinif's Assorted Antiques.
 26521 | Orc:2    | Found a staircase to the Elven Halls.
 26579 | Orc:2    | Found Dugin's Food Shoppe.
 26878 | Orc:2    | Found Niaj's Armour Emporium.
 26884 | Orc:2    | Found Eloocuyl's Jewellery Shop.
 26890 | Orc:2    | Found Bylu Puurgh's Antique Weapon Shoppe.
 26927 | Orc:2    | Bought a cursed -3 ring of strength for 22 gold pieces
 27066 | Orc:2    | Bought a heavily runed chain mail for 237 gold pieces
 27066 | Orc:2    | Identified the cursed +1 chain mail of Defence {Dex+4} (You bought it in a shop on level 2 of the Orcish Mines)
 27568 | Shoals:1 | Reached skill level 16 in Shields
 28320 | Shoals:2 | Found Ynamir's Jewellery Shop.
 28522 | Shoals:2 | Bought an uncursed ring of poison resistance for 320 gold pieces
 28755 | Shoals:2 | Reached skill level 17 in Shields
 29593 | Shoals:3 | Noticed Aizul
 29618 | Shoals:3 | Killed Aizul
 30403 | Shoals:3 | Reached skill level 18 in Shields
 30756 | Shoals:4 | Entered Level 4 of the Shoals
 31213 | Spider:1 | Entered Level 1 of the Spider Nest
 32481 | Spider:1 | Reached XP level 17. HP: 137/156 MP: 28/28
 32554 | Spider:1 | Reached skill level 19 in Shields
 33918 | Spider:1 | Reached skill level 20 in Shields
 35584 | Shoals:4 | Noticed Ilsuiw
 37020 | Shoals:4 | HP: 5/160 [frost giant/bolt of cold (56)]
 37022 | Shoals:4 | Killed from afar by a frost giant

Skill      XL: |  1  2  3  4  5  6  7  8  9 10 11 12 13 14 15 16 17 |
---------------+----------------------------------------------------+-----
Maces & Flails | 3 4 5 6 8 10 13 | 13.0
Shields        | 4 5 6 7 9 10 11 15 18 20 | 20.2
Throwing       | 1 2 3 4 6 8 |  8.0
Armour         | 5 11 16 | 16.0
Fighting       | 4 5 9 10 12 15 16 | 16.7
Dodging        | 4 |  4.3
Invocations    | 1 7 10 12 13 | 13.0

Action                   |  1- 3 |  4- 6 |  7- 9 | 10-12 | 13-15 | 16-18 || total
-------------------------+-------+-------+-------+-------+-------+-------++-------
Melee: Whip              |    40 |       |   194 |   656 |  1295 |  1348 ||  3533
       Flail             |    30 |    62 |    21 |       |   378 |     8 ||   499
       Headbutt          |     7 |     9 |    38 |   178 |   489 |   373 ||  1094
       Morningstar       |       |       |       |    29 |       |       ||    29
Throw: Stone             |     7 |       |       |       |       |       ||     7
       Javelin           |     8 |     8 |    47 |   107 |    98 |   161 ||   429
       Tomahawk          |       |       |     1 |       |   201 |    22 ||   224
Invok: Divine Shield     |       |       |       |     3 |     2 |     3 ||     8
       Summon Divine War |       |       |       |       |       |     2 ||     2
Evoke: Wand              |       |       |       |     4 |       |     1 ||     5
  Use: Scroll            |       |    16 |    11 |     3 |    13 |     7 ||    50
       Potion            |       |       |       |     2 |     2 |    14 ||    18
 Stab: Paralysed         |       |       |     1 |       |       |       ||     1
  Eat: Chunk             |     2 |     3 |    11 |    24 |    37 |    17 ||    94
       Royal jelly       |       |     1 |       |       |     1 |       ||     2
       Meat ration       |       |       |       |       |       |     4 ||     4
       Fruit             |       |       |       |       |       |     1 ||     1
       Pizza             |       |       |       |       |       |     1 ||     1
Armor: Scale mail        |    21 |    13 |    15 |    62 |    20 |       ||   131
       Plate armour      |       |       |       |       |   141 |   190 ||   331
       Leather armour    |       |       |       |       |    10 |   105 ||   115
Dodge: Dodged            |    11 |     9 |    28 |   103 |   222 |   297 ||   670
Block: Large shield      |    31 |    44 |   130 |   453 |  1102 |  1430 ||  3190
       Shield            |     6 |       |       |       |       |       ||     6
       Reflection        |       |       |     1 |    10 |    41 |    83 ||   135
